 Dungeon Crawl Stone Soup version 0.32-a0-921-g04a7ad8e02 (webtiles) character file.

Game seed: 4503363757600948342

426 oldcraftman the Chopper (level 6, -2/50 HPs)
             Began as an Armataur Gladiator on Apr 11, 2024.
             Slain by a gnoll
             ... wielding a +0 halberd
              (7 damage)
             ... on level 5 of the Dungeon.
             The game lasted 00:11:11 (1381 turns).

oldcraftman the Chopper (Armataur Gladiator)        Turns: 1381, Time: 00:11:12

Health: -2/50      AC:  4    Str: 21    XL:     6   Next: 64%
Magic:  6/6        EV:  8    Int:  9    God:
Gold:   149        SH:  0    Dex: 11    Spells: 5/5 levels left

rFire   . . .        a - +0 war axe
rCold   . . .        (no shield)
rNeg    . . .        m - +0 ring mail
rPois   .            c - +0 helmet
rElec   .            (no cloak)
rCorr   .            k - +0 pair of gloves
SInv    .            (no barding)
Will    .....        (no amulet)
Stlth   +            (no ring)
HPRegen 0.28/turn    (no ring)
MPRegen 0.10/turn

%: roll
@: corroded
A: large, deformed body, tough skin 3, armoured tail, rollpage 1
a: no special abilities


You were on level 5 of the Dungeon.
You visited 1 branch of the dungeon, and saw 5 of its levels.

You collected 149 gold pieces.

Inventory:

Hand Weapons
 a - a +0 war axe (weapon)
 j - a +0 falchion
 o - a +2 whip of electrocution
 r - a +3 sling
 s - a +0 whip of flaming
Missiles
 d - 3 throwing nets
 e - a javelin (quivered)
 i - 7 poisoned darts
Armour
 b - a +0 leather armour
 c - a +0 helmet (worn)
 k - a +0 pair of gloves (worn)
 m - a +0 ring mail (worn)
Scrolls
 f - 2 scrolls of identify {unknown}
 g - a scroll of acquirement {unknown}
 l - a scroll of fear {unknown}
 q - a scroll of poison {unknown}
 t - a scroll of teleportation
 u - a scroll of revelation {unknown}
Potions
 h - a potion of might
 n - a potion of curing {unknown}
 p - a potion of brilliance {unknown}


   Skills:
 + Level 2.7 Fighting
 + Level 4.6 Axes
 + Level 1.9 Throwing
 + Level 3.5 Armour
 + Level 3.0 Dodging


You had 5 spell levels left.
You didn't know any spells.
Your spell library was empty.

Dungeon Overview and Level Annotations

Branches:
Dungeon (5/15)
 Temple: D:4-7

Altars:
Sif Muna


Innate Abilities, Weirdness & Mutations

Armour fits poorly on your strangely shaped body.
You have extremely tough skin. (AC +3)
You have a long armoured tail.
You regenerate magic when rolling toward enemies. (Rampage MPRegen)


Message History

You closely miss the gnoll.
The gnoll is heavily wounded.
The gnoll hits you with a +0 club. The gnoll closely misses you.
You barely miss the gnoll.
The gnoll is heavily wounded.
The gnoll barely misses you.
You slash the gnoll!
You kill the gnoll!
Things that are here:
a +0 club; a gnoll corpse
Things that are here:
a +0 club; a gnoll corpse You see here 9 gold pieces.
You now have 149 gold pieces (gained 9).
Things that are here:
a +0 club; a gnoll corpse A scorpion and a gnoll come into view.
There is an open door here.
A jelly comes into view.
A gnoll comes into view. It is wielding a +0 halberd.
Hit: a) +0 war axe
Press: ? - help, Dir - move target, f - gnoll
Aim: a gnoll, wielding a +0 whip (about 40% to evade your +0 war axe)
The jelly quivers.
The gnoll shouts!
You slash the gnoll!
You kill the gnoll!
You slash the jelly! The acid corrodes you!
Your hands burn!
The jelly is heavily wounded.
The jelly hits you.
You are splashed with acid!
The gnoll hits you from afar with a +0 halberd!
* * * LOW HITPOINT WARNING * * *
The gnoll hits you from afar with a +0 halberd.
* * * LOW HITPOINT WARNING * * *
The jelly barely misses you.
You slash the jelly!
Your hands burn!
* * * LOW HITPOINT WARNING * * *
The jelly is almost dead.
The gnoll hits you from afar with a +0 halberd!
You die...

#
#...............#.....
#...............#...#
#...............#...#
#........#####'##..[#
#........#..........#
#........#.....†....#
..... #....†.....#
......#....†.....+
.....sJ@.........#
.....g##'#####...#
..... #.....##...#
.... #..........# ...
#..........# .?
#..........# .
#...)......#
#..........#
###'####...#


You could see a scorpion, a jelly and a gnoll.

Vanquished Creatures
  A black bear (D:5)
  An ice beast (D:5)
  A scorpion (D:5)
  2 howler monkeys (D:5)
  A hound (D:5)
  2 gnolls (D:5)
  3 adders
  4 dart slugs
  A ribbon worm (D:2)
  5 ball pythons
  A bat (D:1)
  3 endoplasms (D:1)
  4 giant cockroaches
  5 goblins
  3 hobgoblins
  2 frilled lizards (D:3)
  5 kobolds
44 creatures vanquished.

Notes
Turn   | Place    | Note
-------+----------+-------------------------------------------
     0 | D:1      | oldcraftman the Armataur Gladiator began the quest for the
                  | Orb.
     0 | D:1      | Reached XP level 1. HP: 17/17 MP: 1/1
    99 | D:2      | Reached XP level 2. HP: 24/24 MP: 2/2
   132 | D:2      | Found a shimmering blue altar of Sif Muna.
   367 | D:1      | Reached XP level 3. HP: 23/29 MP: 3/3
   391 | D:1      | Found a faded altar of an unknown god.
   401 | D:1      | Reached skill level 3 in Axes
   790 | D:3      | Reached skill level 1 in Armour
  1234 | D:5      | Entered Level 5 of the Dungeon
  1240 | D:5      | Reached XP level 4. HP: 36/36 MP: 4/4
  1247 | D:5      | Noticed a scorpion
  1253 | D:5      | Noticed an ice beast
  1261 | D:5      | Killed a scorpion
  1262 | D:5      | Reached XP level 5. HP: 13/41 MP: 5/5
  1266 | D:5      | Killed an ice beast
  1267 | D:5      | Reached skill level 4 in Axes
  1275 | D:5      | Reached XP level 6. HP: 16/50 MP: 6/6
  1381 | D:5      | Slain by a gnoll

Illustrated notes

Levels and vault maps discovered:
D:1:      minmay_arrival_four_loops, layout_basic,
          ebering_ecumenical_altar_abandoned, amcnicky_mini_corridor_feature
D:2:      layout_loops_ring, basic_altar, minmay_octomino_j4
D:3:      layout_loops_corners, serial_bayou_lagoon_b
D:4:      layout_gridville, trog_wizard, ashenzari_conservatory_becter
D:5:      layout_gridville, mainiacjoe_overflow_tiny_flanked,
          minmay_temple_entry_sparse_star

Skill      XL: |  1  2  3  4  5  6 |
---------------+-------------------+-----
Axes           | 3 4 |  4.6
Fighting       | 2 |  2.7
Armour         | 1 2 3 |  3.5
Dodging        | 3 |  3.0
Throwing       | |  1.9

Action                     |  1- 3 |  4- 6 || total
---------------------------+-------+-------++-------
  Melee: War axe           |    90 |    38 ||   128
         Tailslap          |     7 |     3 ||    10
    Use: Potion            |     2 |       ||     2
         Scroll            |     1 |     1 ||     2
 Armour: Leather armour    |    26 |       ||    26
         Ring mail         |    51 |    45 ||    96
  Dodge: Dodged            |    55 |    25 ||    80

Table legend: (Time is in decaauts)
 A = Elapsed time spent in this place.
 B = Non-inter-level travel time spent in this place.
 C = Inter-level travel time spent in this place.
 D = Time resting spent in this place.
 E = Time spent auto-exploring this place.
 F = Levels seen in this place.
 G = Mean time per level.
                   A        B        C        D        E       F      G
               +--------+--------+--------+--------+--------+-----+--------+
         Total |   1423 |    488 |    935 |      0 |      0 |   5 |  284.6 |
       Dungeon |   1423 |    488 |    935 |      0 |      0 |   5 |  284.6 |
               +--------+--------+--------+--------+--------+-----+--------+

Top non-repeatable levels by time:
     D:1: 477 daAuts
     D:3: 322 daAuts
     D:2: 279 daAuts
     D:4: 183 daAuts
     D:5: 158 daAuts
